 Dungeon Crawl Stone Soup version 0.28.0 (webtiles) character file.

Game seed: 4678954367500145256

57 themarg the Cudgeller (level 3, 0/33 HPs)
             Began as a Minotaur Monk on Feb 19, 2022.
             Was a Believer of Vehumet.
             Slain by an orc (7 damage)
             ... on level 2 of the Dungeon.
             The game lasted 00:05:50 (1965 turns).

themarg the Cudgeller (Minotaur Monk)               Turns: 1965, Time: 00:05:51

Health: 0/33       AC:  6    Str: 17    XL:     3   Next: 73%
Magic:  2/2        EV: 10    Int:  7    God:    Vehumet [**....]
Gold:   110        SH:  3    Dex: 12    Spells: 2/2 levels left

rFire   . . .      SeeInvis .   a - +0 mace
rCold   . . .      Faith    .   c - +0 buckler
rNeg    . . .      Spirit   .   k - +0 scale mail
rPois   .          Reflect  .   (helmet restricted)
rElec   .          Harm     .   (no cloak)
rCorr   .          Rampage  .   (no gloves)
Will    .....                   (no boots)
Stlth   ..........              (no amulet)
HPRegen 0.11/turn               (no ring)
MPRegen 0.08/turn               (no ring)

@: no status effects
A: horns 2, retaliatory headbutt
a: Renounce Religion


You were on level 2 of the Dungeon.
You worshipped Vehumet.
Vehumet was pleased with you.
You visited 1 branch of the dungeon, and saw 2 of its levels.

You collected 110 gold pieces.

Inventory:

Hand Weapons
 a - a +0 mace (weapon)
 d - a +0 hand axe of flaming
Missiles
 h - 10 poisoned darts (quivered)
 j - 112 stones
Armour
 b - a +0 robe
 c - a +0 buckler (worn)
 g - a +0 ring mail
 k - a +0 scale mail (worn)
Jewellery
 p - a ring of resist corrosion
Scrolls
 e - 2 scrolls of fear {unknown}
 f - a scroll of amnesia {unknown}
 i - a scroll of vulnerability {unknown}
 n - a scroll of identify {unknown}
 o - a scroll of immolation {unknown}
Potions
 l - a potion of cancellation {unknown}
 m - a potion of mutation {unknown}


   Skills:
 + Level 4.2 Fighting
 + Level 4.6 Maces & Flails
 + Level 0.7 Armour
 + Level 3.6 Dodging
 + Level 1.7 Stealth
 + Level 0.4 Shields


You had 2 spell levels left.
You didn't know any spells.
Your spell library was empty.

Dungeon Overview and Level Annotations

Branches:
Dungeon (2/15)

Altars:
Vehumet


Innate Abilities, Weirdness & Mutations

You have a pair of horns on your head.
You reflexively headbutt those who attack you in melee.


Message History

An orc comes into view. It is wielding a +0 dagger.
The orc shouts!
You hear a shout!
An orc comes into view. It is wielding a +0 war axe.
An orc comes into view. It is wielding a +0 trident.
The orc shouts! x2
The orc hits you but does no damage.
You sock the orc!
You kill the orc!
Vehumet accepts your kill. The orc barely misses you. You furiously retaliate!
You headbutt the orc, but do no damage. You closely miss the orc.
You headbutt the orc.
The orc is severely wounded.
The orc hits you but does no damage. The orc barely misses you.
You closely miss the orc.
The orc is severely wounded.
The orc hits you with a +0 war axe.
The orc complains loudly.
The orc hits you from afar with a +0 trident.
You closely miss the orc.
The orc is severely wounded.
The orc hits you with a +0 war axe! The orc hits you but does no damage.
You hit the orc but do no damage.
The orc is severely wounded.
The orc hits you with a +0 war axe.
The orc hits you from afar with a +0 trident.
You barely miss the orc.
The orc is severely wounded.
You block the orc's attack. The orc hits you but does no damage.
The orc closely misses you.
You hit the orc but do no damage.
The orc is severely wounded.
You block the orc's attack. x2
The orc hits you from afar with a +0 trident.
* * * LOW HITPOINT WARNING * * *
You barely miss the orc.
The orc is severely wounded.
The orc misses you.
The orc hits you from afar with a +0 trident!
You die...

############ #. ..#
...........# #.#..#
.#########.# #.#..# .#
#.# #.#..# .# #.#
#.#..#### .# #.#
#.#o.... ##########.##
#.#o.#####
............###.@.......
..................######
#################.# ##


You could see 2 orcs.

Vanquished Creatures
  2 dart slugs (D:1)
  An orc (D:2)
  2 ball pythons
  5 bats
  4 endoplasms
  A giant cockroach (D:1)
  5 hobgoblins
  3 kobolds
  A quokka (D:2)
  4 frilled lizards
  12 goblins
40 creatures vanquished.

Vanquished Creatures (others)
  Robin (D:2)
  A goblin (D:2)
  A hobgoblin (D:2)
3 creatures vanquished.

Grand Total: 43 creatures vanquished

Notes
Turn   | Place    | Note
-------+----------+-------------------------------------------
     0 | D:1      | themarg the Minotaur Monk began the quest for the Orb.
     0 | D:1      | Reached XP level 1. HP: 19/19 MP: 0/0
   240 | D:1      | Reached XP level 2. HP: 27/27 MP: 1/1
   947 | D:1      | Reached XP level 3. HP: 33/33 MP: 2/2
  1160 | D:2      | Noticed Robin
  1192 | D:2      | Killed Robin
  1855 | D:2      | Found a faded altar of an unknown god.
  1858 | D:2      | Prayed at the altar of an unknown god.
  1858 | D:2      | Became a worshipper of Vehumet
  1858 | D:2      | Reached * piety under Vehumet
  1858 | D:2      | Offered knowledge of Sandblast by Vehumet.
  1858 | D:2      | Reached ** piety under Vehumet
  1965 | D:2      | Slain by an orc

Illustrated notes

Levels and vault maps discovered:
D:1:      shiori_arrival_oz, layout_loops_corners, minivault_19
D:2:      layout_basic, shapermc_ecumenical_altar_mp_vishouse, uniq_robin

Skill      XL: |  1  2 |
---------------+-------+-----
Maces & Flails | 4 |  4.6
Fighting       | 4 |  4.2
Armour         | |  0.7
Dodging        | |  3.6
Stealth        | |  1.7
Shields        | |  0.4

Action                   || total
-------------------------++-------
Melee: Mace              ||    84
       Headbutt          ||    11
 Stab: Sleeping          ||     2
Armor: Robe              ||     1
       Ring mail         ||     7
       Scale mail        ||    38
Dodge: Dodged            ||    56
Block: Buckler           ||    17
